 Dungeon Sprint DCSS version 0.27.1-34-g3ba077fa99 (webtiles) character file.

Game seed: 8784095941288170638

385 boopmooplesden the Fighter (level 6, -10/64 HPs)
             Began as a Hill Orc Fighter on Jan 16, 2022.
             Mangled by a wyvern (12 damage)
             ... in the Dungeon (Sprint II: "The Violet Keep of Menkaure").
             The game lasted 00:00:32 (269 turns).

boopmooplesden the Fighter (Hill Orc Fighter)        Turns: 269, Time: 00:00:33

Health: -10/64     AC:  8    Str: 21    XL:     6   Next: 77%
Magic:  6/6        EV:  9    Int:  8    God:
Gold:   243        SH: 11    Dex: 10    Spells: 5/5 levels left

rFire    . . .     SeeInvis .   a - +0 war axe
rCold    . . .     Faith    .   c - +0 kite shield
rNeg     . . .     Spirit   .   b - +0 scale mail
rPois    .         Reflect  .   (no helmet)
rElec    .         Harm     .   (no cloak)
rCorr    .         Rampage  .   (no gloves)
Will     .....     NoTele   +   (no boots)
Stlth    ..........             (no amulet)
HPRegen  0.20/turn              (no ring)
MPRegen  0.10/turn              (no ring)

@: no status effects
A: no striking features
a: no special abilities


You were in the Dungeon.
You visited 1 branch You collected 243 gold pieces.

Inventory:

Hand Weapons
 a - a +0 war axe (weapon)
Armour
 b - a +0 scale mail (worn)
 c - a +0 kite shield (worn)
Scrolls
 j - a scroll of blinking
Potions
 g - a potion of haste
 h - 2 potions of magic
 i - a potion of berserk rage


   Skills:
 + Level 9.4 Fighting
 + Level 8.4 Axes
 + Level 8.6 Armour
 + Level 1.3 Dodging
 + Level 8.4 Shields


You had 5 spell levels left.
You didn't know any spells.
Your spell library was empty.

Dungeon Overview and Level Annotations

Branches:
Dungeon (1/1)

Altars:


Message History

There is an open door, spattered with blood here.
You open the door.
The walls and floor vibrate strangely for a moment.
There is an open door here.
The wyvern hisses angrily.
You barely miss the wyvern. You block the wyvern's attack.
The wyvern bites you.
You slash the wyvern!
The wyvern is moderately wounded.
The wyvern bites you. You block the wyvern's attack.
You hit the wyvern but do no damage.
The wyvern is moderately wounded.
You block the wyvern's attack. x2
You closely miss the wyvern.
The wyvern is moderately wounded.
The wyvern bites you. You block the wyvern's attack.
You slash the wyvern!
The wyvern is severely wounded.
The wyvern barely misses you. The wyvern bites you.
You hit the wyvern but do no damage.
The wyvern is severely wounded.
The wyvern bites you. You block the wyvern's attack.
You barely miss the wyvern.
The wyvern is severely wounded.
The wyvern bites you! x2
You slash the wyvern!
You kill the wyvern!
The wyvern bites you!
* * * LOW HITPOINT WARNING * * *
Your Fighting skill increases to level 9!
Your Axes skill increases to level 8!
Your Armour skill increases to level 8!
Your Dodging skill increases to level 1!
Your Shields skill increases to level 8!
Unknown command.
You closely miss the wyvern. The wyvern bites you.
* * * LOW HITPOINT WARNING * * *
The wyvern bites you.
* * * LOW HITPOINT WARNING * * *
You closely miss the wyvern. The wyvern bites you!
You die...

## ## #.#
#.#
####.#.#
##.# #l#
#..###@##
+##.'.<.+
#..###.##
##. #+#
##


You could see a wyvern.

Vanquished Creatures
  A wyvern (D)
  4 scorpions (D)
5 creatures vanquished.

Vanquished Creatures (others)
  Menkaure (D)
  A water moccasin (D)
2 creatures vanquished.

Grand Total: 7 creatures vanquished

Notes
Turn   | Place    | Note
-------+----------+-------------------------------------------
     0 | D        | boopmooplesden the Hill Orc Fighter began the quest for the
                  | Orb.
     0 | D        | Reached XP level 1. HP: 19/19 MP: 1/1
     1 | D        | Noticed a wyvern
     1 | D        | Noticed a wyvern
     4 | D        | Noticed a scorpion
     4 | D        | Noticed a scorpion
    10 | D        | Killed a scorpion
    11 | D        | Reached skill level 5 in Fighting
    11 | D        | Reached skill level 5 in Armour
    11 | D        | Reached skill level 5 in Shields
    11 | D        | Reached XP level 2. HP: 13/30 MP: 2/2
    11 | D        | Reached XP level 3. HP: 17/37 MP: 3/3
    13 | D        | Killed Menkaure
    15 | D        | Killed a scorpion
    16 | D        | Reached skill level 6 in Fighting
    16 | D        | Reached skill level 5 in Axes
    16 | D        | Reached XP level 4. HP: 15/45 MP: 4/4
    17 | D        | Noticed a scorpion
    17 | D        | Noticed a scorpion
    24 | D        | Killed a scorpion
    25 | D        | Reached skill level 7 in Fighting
    25 | D        | Reached XP level 5. HP: 8/53 MP: 5/5
    30 | D        | Reached skill level 8 in Fighting
    30 | D        | Reached XP level 6. HP: 17/62 MP: 6/6
    37 | D        | Killed a water moccasin
   267 | D        | Killed a wyvern
   268 | D        | Reached skill level 9 in Fighting
   268 | D        | Reached skill level 1 in Dodging
   268 | D        | HP: 2/64 [wyvern (5)]
   269 | D        | Mangled by a wyvern

Illustrated notes

Levels and vault maps discovered:
D:        the_violet_keep_of_menkaure [sprint2_stairs_cluster_1,
          sprint2_shoproom, sprint2_temple, sprint2_basic_supplies,
          sprint2_obstacle_3, sprint2_obstacle_2, sprint2_obstacle_7,
          sprint2_obstacle_6, sprint2_obstacle_1, sprint2_timed_cluster_1,
          sprint2_smallroom_cluster_1, sprint2_smallroom_final_cluster_1,
          sprint2_transparent_cluster_1, sprint2_second_timed_cluster_1,
          sprint2_sniper_area_1, sprint2_heavy_combat_area_1,
          sprint2_mutation_trap_area_1, sprint2_forest_area_1,
          sprint2_light_combat_area_1, sprint2_behind_water_1,
          sprint2_near_end_vault_1]

Skill      XL: |  1  2  3  4  5  6 |
---------------+-------------------+-----
Fighting       | 5 6 7 8 9 |  9.4
Axes           | 4 5 6 7 8 |  8.4
Armour         | 5 6 7 8 |  8.6
Shields        | 5 6 7 8 |  8.4
Dodging        | 1 |  1.3

Action                   |  1- 3 |  4- 6 || total
-------------------------+-------+-------++-------
Melee: War axe           |    10 |    19 ||    29
  Use: Potion            |     1 |     2 ||     3
Armor: Scale mail        |     5 |     2 ||     7
Dodge: Dodged            |     3 |     2 ||     5
Block: Kite shield       |     4 |    15 ||    19
